 Dungeon Crawl Stone Soup version 0.30-a0-167-g62a5988fa7 (webtiles) character file.

Game seed: 10075878889463008806

94 qw the Chopper (level 4, -4/28 HPs)
             Began as a Gargoyle Fighter on Sept 29, 2022.
             Slain by a gnoll
             ... wielding a +0 halberd
              (5 damage)
             ... on level 3 of the Dungeon.
             The game lasted 00:00:44 (2062 turns).

qw the Chopper (Gargoyle Fighter)                   Turns: 2062, Time: 00:00:45

Health: -4/28      AC: 10    Str: 21    XL:     4   Next: 63%
Magic:  4/4        EV:  9    Int:  9    God:
Gold:   120        SH:  4    Dex:  9    Spells: 3/3 levels left

rFire   . . .      SeeInvis +    Y - +0 war axe
rCold   . . .      Faith    .    c - +0 buckler
rNeg    + . .      Spirit   .    b - +0 scale mail
rPois   inf        Reflect  .    (no helmet)
rElec   +          Harm     .    (no cloak)
rCorr   .          Rampage  .    (no gloves)
Will    .....                    (no boots)
Stlth   ..........               (no amulet)
HPRegen 0.09/turn                h - ring of see invisible
MPRegen 0.09/turn                (no ring)

@: no status effects
A: sickness immunity, AC +3, negative energy resistance 1, electricity
resistance, torment resistance 1, petrification resistance
a: no special abilities


You were on level 3 of the Dungeon.
You visited 1 branch of the dungeon, and saw 3 of its levels.

You collected 120 gold pieces.


Innate Abilities, Weirdness & Mutations

You are immune to sickness and miasma.
Your stone body is resilient. (AC +3)
You are immune to poison.
You resist negative energy. (rN+)
You are resistant to electric shocks. (rElec)
You are resistant to unholy torment.
You are immune to petrification.


   Skills:
 - Level 3.2 Fighting
 + Level 4.3 Axes
 - Level 3.2 Armour
 - Level 3.2 Shields


You had 3 spell levels left.
You didn't know any spells.
Your spell library was empty.

Inventory:

Hand Weapons
 f - a +0 flail
 Y - a +0 war axe (weapon)
Armour
 b - a +0 scale mail (worn)
 c - a +0 buckler (worn)
Jewellery
 h - a ring of see invisible (left hand)
Scrolls
 j - a scroll of identify
Potions
 d - a potion of might
 g - a potion of attraction {unknown}
 i - a potion of resistance {unknown}
 m - a potion of curing {unknown}

Dungeon Overview and Level Annotations

Branches:
Dungeon (3/15)

Altars:
Hepliaklqana

Shops:
D:2 [


Message History

You hit the gnoll.
The gnoll is moderately wounded.
You hit the endoplasm.
The endoplasm hits you but does no damage.
The gnoll hits you from afar with a +0 halberd.
You hit the endoplasm.
You kill the endoplasm!
You slash the gnoll!
You kill the gnoll!
The gnoll hits you from afar with a +0 halberd.
You hit the gnoll.
The gnoll is moderately wounded.
You barely miss the rat. You block the rat's attack.
The gnoll barely misses you. x2
The rat bites you but does no damage. The gnoll hits you but does no damage.
You slash the gnoll!
You kill the gnoll!
You closely miss the rat. You completely miss the gnoll.
A quokka comes into view.
The rat closely misses you. The gnoll closely misses you.
The gnoll hits you but does no damage.
You hit the gnoll.
The gnoll is moderately wounded.
You hit the rat. The rat closely misses you.
The gnoll hits you from afar with a +0 halberd!
You barely miss the rat.
The rat is heavily wounded.
You closely miss the gnoll. The rat barely misses you.
The gnoll hits you from afar with a +0 halberd.
You block the gnoll's attack. The gnoll hits you with a +0 club.
The gnoll hits you but does no damage.
The gnoll hits you from afar with a +0 halberd.
The rat bites you but does no damage.
You hit the rat.
You kill the rat!
You slash the gnoll! You hit the gnoll.
The gnoll hits you from afar with a +0 halberd.
You die...

##.# ...# ######## ..#
##...##.. ..# ##........
# #.#####......... #.#
##.#...#.........
###...##..#...#.........
......g@......##........
......gg##....#.....#...
.....rg.##....#.######..
........###...#.### #..
......... #.......####..
........#.#.....#.......
.......##.......####.##.
#.....# ###....).#......
####..)#.###..


You could see 3 gnolls, a quokka and a hobgoblin.

Vanquished Creatures
  2 gnolls (D:3)
  3 adders
  A dart slug (D:2)
  An orc (D:2)
  2 ball pythons (D:2)
  6 endoplasms
  2 giant cockroaches
  4 goblins (D:1)
  6 hobgoblins
  6 kobolds
  2 quokkas (D:1)
  4 bats
  2 frilled lizards (D:3)
  2 rats
43 creatures vanquished.

Vanquished Creatures (others)
  A plant (D:1)
1 creature vanquished.

Grand Total: 44 creatures vanquished

Notes
Turn   | Place    | Note
-------+----------+-------------------------------------------
     0 | D:1      | qw the Gargoyle Fighter began the quest for the Orb.
     0 | D:1      | Reached XP level 1. HP: 14/14 MP: 1/1
     0 | D:1      | 0 ||| qw: Version: 0.2-a-12-gaebbb33
     0 | D:1      | 0 ||| qw: Game counter: 1065
     0 | D:1      | 0 ||| qw: Always use a shield: true
     0 | D:1      | 0 ||| qw: God list: Okawaru
     0 | D:1      | 0 ||| qw: Allow faded altars: false
     0 | D:1      | 0 ||| qw: Do Orc after D:15 true
     0 | D:1      | 0 ||| qw: Do second Lair branch before Depths: true
     0 | D:1      | 0 ||| qw: Lair rune preference: random
     0 | D:1      | 0 ||| qw: Plans: Normal, Zot:1-4, God:TSO, Crypt, Tomb,
                  | Pan, Slime:5, Hells, Abyss, Orb
     0 | D:1      | 0 ||| PLANNING D:1-11
    62 | D:1      | 62 ||| Stepping ~*~*~tactically~*~*~ (stealth).
    64 | D:1      | Reached skill level 2 in Axes
    64 | D:1      | 64 ||| Stepping ~*~*~tactically~*~*~ (stealth).
   228 | D:1      | 228 ||| Stepping ~*~*~tactically~*~*~ (stealth).
   232 | D:1      | Reached XP level 2. HP: 19/19 MP: 2/2
   637 | D:1      | Found a faded altar of an unknown god.
   692 | D:1      | 692 ||| UPGRADING to ring of see invisible.
   693 | D:1      | 693 ||| READING scroll labelled YSTREC MUPHUH.
   694 | D:1      | 694 ||| READING scroll labelled MUIFAJO KIXOTT.
   750 | D:2      | 750 ||| STAIRDANCE
   864 | D:2      | Found a hazy altar of Hepliaklqana.
   958 | D:2      | Reached skill level 3 in Axes
  1083 | D:2      | Reached XP level 3. HP: 21/23 MP: 3/3
  1202 | D:2      | Found Aheifam's Antique Armour Shoppe.
  1238 | D:2      | 1238 ||| SHOPLISTING crude ring mail (207 gold, have 90).
  1238 | D:2      | 1238 ||| SHOPLISTING ice dragon scales (1380 gold, have
                  | 90).
  1238 | D:2      | 1238 ||| SHOPLISTING plate armour (529 gold, have 90).
  1238 | D:2      | 1238 ||| SHOPLISTING runed plate armour (598 gold, have
                  | 90).
  1791 | D:2      | 1791 ||| READING scroll labelled SIVECO RUPTYEP.
  1792 | D:2      | 1792 ||| READING 3 scrolls labelled WOSTRINESUH.
  1793 | D:2      | 1793 ||| READING scroll labelled LAOCRY DINGOE.
  1794 | D:2      | 1794 ||| READING scroll labelled KIEJUD LENUOM.
  1795 | D:2      | 1795 ||| READING 2 scrolls of identify.
  1795 | D:2      | 1795 ||| IDENTIFYING puce potion
  1796 | D:2      | 1796 ||| DROPPING potion of degeneration.
  1876 | D:3      | Reached XP level 4. HP: 26/28 MP: 4/4
  1934 | D:3      | 1934 ||| Stepping ~*~*~tactically~*~*~ (stealth).
  1935 | D:3      | 1935 ||| Stepping ~*~*~tactically~*~*~ (stealth).
  1982 | D:3      | Reached skill level 4 in Axes
  2060 | D:3      | HP: 6/28 [gnoll/+0 halberd (9)]
  2061 | D:3      | HP: 1/28 [gnoll/+0 halberd (3)]
  2062 | D:3      | Slain by a gnoll

Levels and vault maps discovered:
D:1:      kennysheep_arrival_forest, layout_rooms,
          dreamdust_ecumenical_altar_hidden_monk_grotto, serial_park_tiny_1
D:2:      layout_loops_ring, serial_shops,
          nicolae_shop_temple_entry_statues_fountains, basic_altar
D:3:      layout_rooms, zin_academy, minmay_starry_boxes

Skill      XL: |  1  2  3  4 |
---------------+-------------+-----
Axes           | 2 3 4 |  4.3
Fighting       | |  3.2
Armour         | |  3.2
Shields        | |  3.2

Action                   |  1- 3 |  4- 6 || total
-------------------------+-------+-------++-------
Melee: War axe           |   113 |    35 ||   148
  Use: Scroll            |     7 |       ||     7
Armor: Scale mail        |    62 |    22 ||    84
Dodge: Dodged            |    49 |    18 ||    67
Block: Buckler           |    22 |     8 ||    30

Table legend:
 A = Non-vault XP
 B = Vault XP
 C = Vault XP percentage of total XP
 D = Non-vault monster count
 E = Vault monster count
 F = Vault count percentage of total count
                 A         B        C        D         E       F
            +---------+---------+-------+---------+---------+-------
      Total |     133 |       3 |   2.2 |      41 |       2 |   4.7
            +---------+---------+-------+---------+---------+-------
        D:1 |      20 |       0 |   0.0 |      11 |       0 |   0.0
        D:2 |      49 |       0 |   0.0 |      14 |       0 |   0.0
        D:3 |      64 |       3 |   4.5 |      16 |       2 |  11.1
            +---------+---------+-------+---------+---------+-------
